 Dungeon Crawl Stone Soup version 0.28.0-49-g6dfe1f597d (webtiles) character file.

Game seed: 11008026932600402902

1372 Atelerd the Digger (level 8, -6/46 HPs)
             Began as an Octopode Earth Elementalist on May 13, 2022.
             Was a Follower of Sif Muna.
             Mangled by Erica
             ... wielding a +4 scimitar of flaming
              (7 damage)
             ... on level 9 of the Dungeon.
             The game lasted 00:08:32 (7232 turns).

Atelerd the Digger (Octopode Earth Elementalist)    Turns: 7232, Time: 00:08:33

Health: -6/46      AC:  1    Str:  7    XL:     8   Next: 66%
Magic:  17/17      EV: 13    Int: 20    God:    Sif Muna [*.....]
Gold:   162        SH:  0    Dex: 12    Spells: 14/19 levels left

rFire   . . .      SeeInvis +   s - +2 dagger (venom)
rCold   . . .      Faith    +   (no shield)
rNeg    . . .      Spirit   .   (helmet restricted)
rPois   .          Reflect  .   f - amulet of faith
rElec   .          Harm     .   c - ring of see invisible
rCorr   .          Rampage  .   (no ring)
Will    .....                   (no ring)
Stlth   +++.......              (no ring)
HPRegen 0.15/turn               (no ring)
MPRegen 0.15/turn               (no ring)
                                (no ring)
                                (no ring)

@: no status effects
A: almost no armour, amphibious, 8 rings, camouflage 1, gelatinous body 1,
(nimble swimmer 1), tentacles
a: Renounce Religion, Channel Magic


You were on level 9 of the Dungeon.
You worshipped Sif Muna.
Sif Muna was aware of your devotion.
You visited 2 branches of the dungeon, and saw 8 of its levels.

You collected 162 gold pieces.

Inventory:

Hand Weapons
 s - a +2 dagger of venom (weapon)
Missiles
 b - 30 stones
Armour
 l - an orb of wrath
Jewellery
 c - a ring of see invisible (left tentacle)
 f - an amulet of faith (around mantle)
 k - a ring of positive energy
Wands
 a - a wand of iceblast (11)
 d - a wand of flame (19)
 e - a wand of paralysis (9)
 r - a wand of acid (9)
Scrolls
 i - a scroll of magic mapping
 j - a scroll of noise
 m - a scroll of torment
 p - a scroll of identify
Potions
 h - a potion of brilliance {unknown}
 n - a potion of might
 o - a potion of attraction {unknown}
 q - a potion of resistance


   Skills:
 - Level 2.0 Short Blades
 - Level 2.0 Dodging
 + Level 4.0 Stealth
 - Level 0.2 Unarmed Combat
 + Level 6.1 Spellcasting
 - Level 3.0 Transmutations
 + Level 7.1 Earth Magic
 - Level 2.0 Invocations


You had 14 spell levels left.
You knew the following spells:

 Your Spells              Type           Power      Damage    Failure   Level
a - Sandblast             Erth           68%        2d15      1%          1
p - Petrify               Tmut/Erth      26%        N/A       13%         4

Your spell library contained the following spells:

 Spells                   Type           Power      Damage    Failure   Level
 Passwall                 Tmut/Erth      21%        N/A       1%          2
 Stone Arrow              Conj/Erth      40%        3d9       7%          3
 Corpse Rot               Necr/Air       12%        N/A       16%         2
 Poisonous Vapours        Pois/Air       12%        N/A       16%         2


Dungeon Overview and Level Annotations

Branches:
Dungeon (6/15)             Temple (1/1) D:4

Altars:
Dithmenos
Hepliaklqana
Kikubaaqudgha
Sif Muna
Trog
Vehumet
The Shining One

Shops:
D:1 *?:=

Annotations:
D:4 3 runed translucent doors, 2 transporters, Artemis2's ghost, amateur PaFi
D:9 Erica


Innate Abilities, Weirdness & Mutations

You cannot wear most types of armour.
You are amphibious.
You can wear up to eight rings at the same time.
Your skin changes colour to match your surroundings (Stealth+).
Your rubbery body absorbs attacks. (AC +1, EV +1)
((You are camouflaged when in or above water. (Stealth+)))
You have tentacles for arms and can constrict up to eight enemies at once.


Message History

Aiming: Corrosive Bolt
Press: ? - help, Shift-Dir - straight line, f - Erica
Aim: Erica, wielding a +4 scimitar of flaming and wearing a +0 robe (68% to hit)
Okay, then.
Aiming: Paralyse
Press: ? - help, Shift-Dir - straight line, f - Erica
Aim: Erica, wielding a +4 scimitar of flaming and wearing a +0 robe (chance to affect: 17%)
Okay, then.
Okay, then.
You barely miss Erica. You grab Erica. You squeeze Erica.
Erica is lightly wounded.
You constrict Erica, but do no damage.
Erica hits you with a +4 scimitar of flaming!
Erica burns you.
Unknown command.
Aiming: Corrosive Bolt
Press: ? - help, Shift-Dir - straight line, f - Erica
Aim: Erica, wielding a +4 scimitar of flaming and wearing a +0 robe (lightly wounded, constricted by you, 100% to hit)
The bolt of acid hits Erica!
The acid corrodes Erica!
Erica is moderately wounded.
You constrict Erica. Erica closely misses you.
Unknown command.
Aiming: Corrosive Bolt
Press: ? - help, Shift-Dir - straight line, f/p - Erica
Aim: Erica, wielding a +4 scimitar of flaming and wearing a +0 robe (moderately wounded, constricted by you, covered in acid, 100% to hit)
The bolt of acid hits Erica!
Erica seems to be corroded for longer.
Erica is heavily wounded.
You constrict Erica.
Erica hits you with a +4 scimitar of flaming!
Erica burns you.
Aiming: Corrosive Bolt
Press: ? - help, Shift-Dir - straight line, f/p - Erica
Aim: Erica, wielding a +4 scimitar of flaming and wearing a +0 robe (heavily wounded, constricted by you, covered in acid, 100% to hit)
The bolt of acid hits Erica!
Erica seems to be corroded for longer.
Erica is heavily wounded.
You constrict Erica.
Erica hits you with a +4 scimitar of flaming!
* * * LOW HITPOINT WARNING * * *
Erica burns you!
You die...

#... #. #... #.# #..#
#.. #..##.. #..#.#
#...# #####@..#
########....@..#
##.............##
#.#######.###### #..#
#.## #.## ... #.#
..... .).... .
#.##..... ..... .
#.####.### ###......
.##
#.####...####.8##8...8
#8.##


You could see Erica (corroded).

Vanquished Creatures
  An ice beast (D:6)
  A necrophage (D:5)
  An ogre (D:6)
  A centaur (D:5)
  A phantom (D:5)
  A bullfrog (D:9)
  A water moccasin zombie (D:4)
  3 howler monkeys
  A bullfrog zombie (D:4)
  2 centaur zombies (D:4)
  2 hounds (D:5)
  Ijyb (D:5)
  5 iguanas
  2 centaur skeletons (D:4)
  A scorpion zombie (D:4)
  An orc wizard (D:3)
  A killer bee zombie (D:5)
  2 hound zombies (D:4)
  3 hound skeletons (D:4)
  7 gnolls
  6 adders
  An ufetubus (D:6)
  4 dart slugs
  16 orcs
  6 ball pythons
  8 endoplasms
  3 giant cockroaches
  2 goblins
  3 hobgoblins
  5 kobolds
  4 quokkas
  2 bats
  3 frilled lizards
  2 rats (D:1)
103 creatures vanquished.

Vanquished Creatures (others)
  3 fungi (D:4)
3 creatures vanquished.

Grand Total: 106 creatures vanquished

Notes
Turn   | Place    | Note
-------+----------+-------------------------------------------
     0 | D:1      | Atelerd the Octopode Earth Elementalist began the quest for
                  | the Orb.
     0 | D:1      | Reached XP level 1. HP: 11/11 MP: 3/3
    34 | D:1      | Found Ichyit's Magic Scroll Boutique.
   190 | D:1      | Reached XP level 2. HP: 17/17 MP: 1/5
   367 | D:1      | Found Qaomarut's Assorted Antiques.
   557 | D:1      | Reached XP level 3. HP: 11/21 MP: 1/6
  1110 | D:1      | Found Cuoc's Jewellery Shoppe.
  1158 | D:1      | Found Zinkuiss's Book Shoppe.
  1704 | D:2      | Reached XP level 4. HP: 12/27 MP: 2/8
  1881 | D:3      | Reached skill level 4 in Earth Magic
  1999 | D:2      | Reached XP level 5. HP: 31/31 MP: 6/9
  2004 | D:2      | Learned a level 4 spell: Petrify
  2693 | D:3      | Reached XP level 6. HP: 25/36 MP: 7/11
  3341 | D:4      | Reached skill level 5 in Earth Magic
  3369 | D:4      | Found a runed translucent gate.
  3370 | D:4      | Found a runed translucent gate.
  3370 | D:4      | Found a runed translucent gate.
  3371 | D:4      | Noticed Artemis2's ghost (amateur PaFi)
  3651 | D:4      | Reached XP level 7. HP: 32/41 MP: 9/13
  3724 | D:4      | Found a hazy altar of Hepliaklqana.
  4005 | D:4      | Found a staircase to the Ecumenical Temple.
  4039 | Temple   | Entered the Ecumenical Temple
  4079 | Temple   | Became a worshipper of Sif Muna the Loreminder
  4172 | D:4      | Found a transporter.
  4264 | D:4      | Found a transporter.
  4869 | D:5      | Entered Level 5 of the Dungeon
  4967 | D:5      | Reached skill level 5 in Spellcasting
  4967 | D:5      | Reached skill level 6 in Earth Magic
  5669 | D:5      | Noticed Ijyb
  5683 | D:5      | Killed Ijyb
  5810 | D:5      | Reached XP level 8. HP: 38/46 MP: 11/16
  6086 | D:5      | Reached * piety under Sif Muna
  6679 | D:5      | Reached skill level 1 in Short Blades
  6679 | D:5      | Reached skill level 1 in Invocations
  6795 | D:6      | Reached skill level 7 in Earth Magic
  7107 | D:6      | You fall into a shaft and drop 3 floors!
  7226 | D:9      | Noticed Erica
  7232 | D:9      | HP: 1/46 [Erica/+4 scimitar of flaming (15)]
  7232 | D:9      | Mangled by Erica

Illustrated notes

Levels and vault maps discovered:
D:1:      roderic_crossed_star, layout_basic, serial_shops, shop, shop,
          nicolae_shop_behind_doors, nicolae_shop_window_shopping
D:2:      layout_basic
D:3:      layout_rooms, kennysheep_flooded_box
D:4:      gammafunk_cloud_chamber, layout_basic, nzn_hepliaklqana_mist_gate,
          minmay_temple_entry_stoned_glass, serial_undead, serial_undead_d,
          serial_undead_a, serial_undead_d, serial_undead_a,
          gammafunk_ghost_nasty_kobolds
D:5:      layout_gridville, uniq_ijyb
D:6:      layout_cave_pods, grunt_temple_overflow_gold_and_silver,
          kennysheep_cluttered_room, lightli_orcish_oven
D:9:      hellmonk_crumbling_castle, layout_gridville,
          erik_lair_orcish_takeover, kennysheep_potato, uniq_erica
Temple:   mainiacjoe_temple_bowtie_tessellation

Skill      XL: |  1  2  3  4  5  6  7  8 |
---------------+-------------------------+-----
Spellcasting   | 3 4 5 6 |  6.1
Earth Magic    | 4 5 6 7 |  7.1
Transmutations | 2 3 |  3.0
Stealth        | 4 |  4.0
Short Blades   | 2 |  2.0
Invocations    | 2 |  2.0
Dodging        | |  2.0
Unarmed Combat | |  0.2

Action                   |  1- 3 |  4- 6 |  7- 9 || total
-------------------------+-------+-------+-------++-------
Melee: Unarmed           |    10 |       |       ||    10
       Constrict         |     9 |    10 |    19 ||    38
       Tentacles         |     6 |     9 |    28 ||    43
       Dagger            |    18 |    36 |    89 ||   143
       Punch             |       |       |     5 ||     5
 Cast: Sandblast         |    29 |    53 |    39 ||   121
       Petrify           |       |     1 |    21 ||    22
Evoke: Wand              |       |       |     3 ||     3
  Use: Scroll            |       |       |     4 ||     4
       Potion            |       |       |     2 ||     2
 Stab: Sleeping          |     3 |     1 |     4 ||     8
       Petrified         |       |     6 |    36 ||    42
       Petrifying        |       |       |     3 ||     3
Armor: Skin              |     1 |     5 |     8 ||    14
Dodge: Dodged            |    23 |    44 |    78 ||   145
